Selects Australian Defense Battlegroup
Selects Australian Light Infantry Section
Australian Light Infantry Section
Australian Light Infantry Section
Construct Section Command Post
Construct Section Command Post
Construct Platoon Command Post
6-pounder Anti-tank Gun Team
Selects CMP 15cwt Supply Run
6-pounder Anti-tank Gun Team
Selects 2-pounder Anti-tank Gun Team
2-pounder Anti-tank Gun Team
Construct Company Command Post
Selects Artillery Trip Wire Flares
Selects Charged Creeping Barrage
Construct Field Infirmary
Unlock M3 Grant Medium Tanks
Selects Vehicle Over Repair